 Dungeon Crawl Stone Soup version 0.29-a0-414-g5075937ec3 (webtiles) character file.

Game seed: 9719309557790525703

7440 jlumianski the Cleaver (level 10, 0/79 HPs)
             Began as a Demonspawn Fighter on May 15, 2022.
             Was a Believer of Qazlal.
             Slain by a two-headed ogre
             ... wielding a +0 giant club
              (23 damage)
             ... on level 9 of the Dungeon on May 16, 2022.
             The game lasted 00:43:16 (10864 turns).

jlumianski the Cleaver (Demonspawn Fighter)        Turns: 10864, Time: 00:43:17

Health: 0/79       AC: 26    Str: 28    XL:     10   Next: 93%
Magic:  14/14      EV:  9    Int:  9    God:    Qazlal [**....]
Gold:   646        SH: 16    Dex: 12    Spells: 9/9 levels left

rFire   . . .      SeeInvis .   N - +3 war axe
rCold   . . .      Faith    .   j - +0 kite shield
rNeg    . . .      Spirit   .   m - +0 chain mail {rPois}
rPois   +          Reflect  .   I - +0 helmet
rElec   .          Harm     .   n - +0 cloak
rCorr   .          Rampage  .   e - +2 pair of gloves
Will    .....                   (no boots)
Stlth   ..........              s - amulet of the acrobat
HPRegen 0.23/turn               W - +4 ring of protection
MPRegen 0.14/turn               B - +6 ring of strength

@: no status effects
A: molten scales 1, demonic guardian 1, icemail 1, condensation shield, weakness
stinger 2
a: Renounce Religion, Upheaval


You were on level 9 of the Dungeon.
You worshipped Qazlal.
Qazlal was pleased with you.
You visited 3 branches of the dungeon, and saw 12 of its levels.
You also visited: Sewer.

You collected 756 gold pieces.
You spent 110 gold pieces at shops.

Inventory:

Hand Weapons
 J - a +2 flail of protection
 N - a +3 war axe (weapon)
Missiles
 d - 54 poisoned darts (quivered)
 f - 286 stones
 G - a throwing net
 Q - 3 silver javelins
Armour
 e - a +2 pair of gloves (worn)
 j - a +0 kite shield (worn)
 m - a +0 chain mail of poison resistance (worn)
 n - a +0 cloak (worn)
 I - a +0 helmet (worn)
Jewellery
 s - an amulet of the acrobat (around neck)
 A - a ring of willpower
 B - a +6 ring of strength (right hand)
 K - an amulet of faith
 S - a +4 ring of protection
 W - a +4 ring of protection (left hand)
Wands
 v - a wand of flame (70)
 T - a wand of mindburst (12)
Scrolls
 h - 2 scrolls of blinking
 q - 5 scrolls of fear
 D - a scroll of magic mapping
 E - a scroll of fog
 H - 3 scrolls of identify
Potions
 i - 3 potions of heal wounds
 k - 2 potions of curing
 p - 2 potions of berserk rage
 r - a potion of resistance
 x - 2 potions of attraction
 z - a potion of invisibility
 C - a potion of ambrosia
 L - a potion of lignification
 M - a potion of cancellation
 P - a potion of haste


   Skills:
 + Level 7.6 Fighting
 + Level 8.0 Axes
 + Level 0.6 Throwing
 + Level 7.2 Armour
 + Level 5.1 Dodging
 + Level 0.6 Stealth
 + Level 7.9 Shields
 * Level 6.2 Invocations
 * Level 4.9 Evocations


You had 9 spell levels left.
You didn't know any spells.
Your spell library contained the following spells:

 Spells                   Type           Power      Damage    Failure   Level
 Pain                     Necr           0%         1d4       99%         1
 Sting                    Tmut/Pois      0%         1d3       99%         1
 Poisonous Vapours        Pois/Air       0%         N/A       100%        2
 Gell's Gravitas          Tloc           0%         N/A       100%        3
 Teleport Other           Tloc           0%         N/A       100%        3
 Animate Armour           Summ/Erth      0%         N/A       100%        4
 Olgreb's Toxic Radiance  Pois           0%         N/A       100%        4
 Agony                    Necr           0%         N/A       100%        5
 Blade Hands              Tmut           0%         N/A       100%        5
 Excruciating Wounds      Necr           0%         N/A       100%        5
 Dispersal                Tloc           0%         N/A       100%        6
 Iron Shot                Conj/Erth      0%         9d1       100%        6
 Storm Form               Tmut/Air       0%         N/A       100%        7
 Dragon's Call            Summ           0%         N/A       100%        9


Dungeon Overview and Level Annotations

Branches:
Dungeon (10/15)            Temple (1/1) D:6            Lair (1/6) D:8
  Sewer (visited)
    Orc: D:9-12

Altars:
Cheibriados
Dithmenos
Elyvilon
Fedhas
Gozag
Kikubaaqudgha
Makhleb
Okawaru
Qazlal
Ru
Sif Muna
Trog
Uskayaw
Vehumet
Wu Jian
Xom
Yredelemnul
Zin
The Shining One

Shops:
D:2 [


Innate Abilities, Weirdness & Mutations

You are partially covered in molten scales. (AC +2)
A weak demonic guardian rushes to your aid.
A meltable icy envelope protects you from harm. (AC +4)
A meltable shield of frost defends you. (SH +4)
You have a tail ending in a sharp stinger.


Message History

You can now call upon nature to destroy your foes.
You see here a yak corpse.
There is a stone staircase leading down here.
You climb downwards.
The two-headed ogre barely misses you.
The two-headed ogre hits you with a +0 giant club!
A demonic guardian appears!
The yak gores you!
There is a stone staircase leading up, spattered with blood here.
You block the yak's attack.
The two-headed ogre hits you with a +0 giant club! x2
You climb upwards.
There is a stone staircase leading down here.
You slash the two-headed ogre!
The two-headed ogre is moderately wounded.
You slash the yak! You block the yak's attack.
The two-headed ogre hits you with a +0 giant club.
You block the two-headed ogre's attack.
You barely miss the two-headed ogre.
The two-headed ogre is moderately wounded.
You barely miss the yak. The yak gores you but does no damage.
You block the two-headed ogre's attack.
The two-headed ogre hits you with a +0 giant club!
You block the yak's attack.
You slash the two-headed ogre!
The two-headed ogre is heavily wounded.
You hit the yak. You block the yak's attack.
You slash the two-headed ogre!
The two-headed ogre is severely wounded.
You slash the yak!
You block the two-headed ogre's attack. x2
You block the yak's attack.
You hit the two-headed ogre.
The two-headed ogre is severely wounded.
You closely miss the yak. You block the two-headed ogre's attack.
The two-headed ogre hits you with a +0 giant club.
The yak gores you.
* * * LOW HITPOINT WARNING * * *
You barely miss the two-headed ogre.
The two-headed ogre is severely wounded.
You closely miss the yak. You block the yak's attack.
The two-headed ogre hits you with a +0 giant club!!
You die...

###########
##........########
###
.'.)......'....Y@#
#.#
##........######O#
#.# .#######'##
#.# #.# .# ##'####
#.# #.# .# #.....#
#.# #.# .# #.....#
#.#####.# .####
#.....# #.......#
....# ##'####
#######.# .##.#
#.# #.#####


You could see a two-headed ogre and a yak.

Vanquished Creatures
  A death yak (D:8)
  Maggie (D:8)
  Eustachio (D:5)
  8 yaks
  A wyvern (D:8)
  2 basilisks (D:8)
  3 steam dragons
  Edmund (D:6)
  An acid dragon (D:8)
  3 water moccasins (D:6)
  2 black bears
  3 orc warriors
  2 ice beasts
  3 ogres
  2 centaurs
  A gnoll sergeant (D:8)
  6 kobold brigands
  2 necrophages
  3 wights (D:7)
  3 killer bees (D:5)
  4 hounds
  6 orc priests
  A jelly (D:5)
  2 iguanas
  10 orc wizards
  5 gnolls (D:8)
  A river rat (Sewer)
  19 adders
  3 white imps
  A worm (D:2)
  A dart slug (D:3)
  36 orcs
  13 ball pythons
  7 endoplasms
  5 giant cockroaches
  4 goblins
  4 hobgoblins
  11 jackals
  24 kobolds
  A quokka (D:3)
  6 bats
  12 frilled lizards
  15 rats
240 creatures vanquished.

Vanquished Creatures (collateral kills)
  Grinder (D:4)
  A worm (D:2)
2 creatures vanquished.

Vanquished Creatures (others)
  An orc wizard (D:6)
  A giant cockroach (D:4)
  2 fungi (D:8)
  38 plants
42 creatures vanquished.

Grand Total: 284 creatures vanquished

Notes
Turn   | Place    | Note
-------+----------+-------------------------------------------
     0 | D:1      | jlumianski the Demonspawn Fighter began the quest for the
                  | Orb.
     0 | D:1      | Reached XP level 1. HP: 18/18 MP: 1/1
   220 | D:1      | Gained mutation: A meltable shield of frost defends you.
                  | (SH +4) [demonic ancestry]
   220 | D:1      | Reached XP level 2. HP: 24/24 MP: 2/2
   873 | D:1      | Reached skill level 2 in Axes
   899 | D:1      | Gained mutation: A meltable icy envelope protects you from
                  | harm. (AC +4) [demonic ancestry]
   899 | D:1      | Reached XP level 3. HP: 28/29 MP: 3/3
  1271 | D:3      | Reached XP level 4. HP: 35/35 MP: 4/4
  1356 | D:3      | Found a glowing drain.
  1400 | Sewer    | Entered a sewer
  1405 | Sewer    | Noticed a kobold brigand
  1424 | Sewer    | Killed a kobold brigand
  1425 | Sewer    | Reached skill level 1 in Dodging
  1425 | Sewer    | Gained mutation: You have a small tail. [demonic ancestry]
  1425 | Sewer    | Reached XP level 5. HP: 36/41 MP: 5/5
  1566 | Sewer    | Reached skill level 3 in Axes
  1823 | Sewer    | Gained mutation: A weak demonic guardian rushes to your
                  | aid. [demonic ancestry]
  1823 | Sewer    | Reached XP level 6. HP: 19/48 MP: 6/6
  2135 | Sewer    | Reached skill level 4 in Axes
  2334 | D:2      | Found Diahyif's Armour Boutique.
  2355 | D:2      | Bought a +0 chain mail of poison resistance for 110 gold
                  | pieces
  4149 | D:3      | Gained mutation: You are partially covered in molten
                  | scales. (AC +2) [demonic ancestry]
  4149 | D:3      | Reached XP level 7. HP: 52/54 MP: 7/7
  4229 | D:4      | Noticed a steam dragon
  4283 | D:4      | Killed a steam dragon
  4469 | D:4      | Noticed Eustachio
  4479 | D:5      | Entered Level 5 of the Dungeon
  4538 | D:5      | Killed Eustachio
  4539 | D:5      | Reached skill level 5 in Axes
  4638 | D:4      | Found a burning altar of Makhleb.
  4644 | D:4      | Reached XP level 8. HP: 61/65 MP: 7/12
  4781 | D:4      | Noticed Grinder
  4790 | D:4      | Killed Grinder
  5176 | D:4      | Found a snail-covered altar of Cheibriados.
  5357 | D:5      | Gained mutation: You have a tail ending in a sharp stinger.
                  | [demonic ancestry]
  5357 | D:5      | Reached XP level 9. HP: 71/71 MP: 13/13
  5395 | D:5      | Found a shadowy altar of Dithmenos.
  6239 | D:6      | Reached skill level 5 in Dodging
  6679 | D:6      | Noticed Edmund
  6696 | D:6      | Killed Edmund
  6697 | D:6      | Reached skill level 6 in Axes
  6794 | D:6      | Found a sacrificial altar of Ru.
  6979 | D:6      | Found a staircase to the Ecumenical Temple.
  6988 | Temple   | Entered the Ecumenical Temple
  7001 | Temple   | Became a worshipper of Qazlal Stormbringer
  8108 | D:8      | Reached XP level 10. HP: 79/79 MP: 14/14
  8173 | D:8      | Got Sif Muna's Grimoire of Shape Shifting and Summoning
  8522 | D:7      | Reached * piety under Qazlal
  8657 | D:8      | Noticed a death yak
  8669 | D:8      | Reached skill level 7 in Axes
  8685 | D:8      | Killed a death yak
  8925 | D:8      | Found a staircase to the Lair.
  9197 | D:8      | Noticed Maggie
  9213 | D:8      | Killed Maggie
  9308 | D:8      | Found an ancient bone altar of Kikubaaqudgha.
  9537 | D:8      | Found a shimmering altar of Xom.
 10063 | Lair:1   | Entered Level 1 of the Lair of Beasts
 10143 | D:9      | Found a hide-covered altar of Uskayaw.
 10143 | D:9      | Found a shimmering blue altar of Sif Muna.
 10631 | D:10     | Entered Level 10 of the Dungeon
 10668 | D:10     | Noticed a two-headed ogre
 10847 | D:9      | Reached skill level 8 in Axes
 10852 | D:9      | Reached ** piety under Qazlal
 10864 | D:9      | Slain by a two-headed ogre

Illustrated notes

Levels and vault maps discovered:
D:1:      minmay_arrival_cross, layout_basic
D:2:      layout_basic, serial_shops, shop_coins, hangedman_abyss_or_decor_stabs
D:3:      layout_loops_corners, portal_sewer_entry_b, minmay_vboxes
D:4:      layout_rooms, mainiacjoe_overflow_six_doors_small,
          lemuel_coloured_pillars_altar, old_standard_altar, uniq_eustachio,
          uniq_grinder
D:5:      layout_loops_ring, nicolae_dithmenos_the_darkroom,
          mainiacjoe_overflow_paths
D:6:      layout_basic, marbit_many_paths, minmay_temple_entry_statues,
          uniq_edmund
D:7:      layout_loops_ring
D:8:      layout_gridville, nicolae_overflow_crystal_walls,
          mainiacjoe_overflow_alcove_2, david_lair_generic,
          serial_bayou_crossing, uniq_maggie
D:9:      layout_basic, jmf_multi_god_temple, dk_noncrumbling_4
D:10:     layout_cave_pools, erik_orc_2, serial_glass, glass_columns_a,
          glass_columns_b
Temple:   nicolae_temple_x_marks_the_god
Lair:1:   minmay_lair_venomous_thicket, layout_concentric_octagons,
          grunt_megastairs_1

Skill      XL: |  1  2  3  4  5  6  7  8  9 10 |
---------------+-------------------------------+-----
Axes           | 2 3 4 5 6 8 |  8.0
Armour         | 3 4 6 7 |  7.2
Shields        | 3 6 7 |  7.9
Dodging        | 1 4 5 |  5.1
Fighting       | 4 6 7 |  7.6
Invocations    | 6 |  6.2
Evocations     | 4 |  4.9
Throwing       | |  0.6
Stealth        | |  0.6

Action                   |  1- 3 |  4- 6 |  7- 9 | 10-12 || total
-------------------------+-------+-------+-------+-------++-------
Melee: War axe           |   124 |   257 |   309 |   202 ||   892
       Tailslap          |       |    24 |    38 |    23 ||    85
Throw: Stone             |     2 |     2 |       |       ||     4
       Dart              |       |       |    11 |     3 ||    14
  Use: Potion            |     1 |     3 |     1 |       ||     5
       Scroll            |       |    13 |     5 |     3 ||    21
 Stab: Distracted        |       |       |       |     1 ||     1
Armor: Scale mail        |    63 |    55 |       |       ||   118
       Chain mail        |       |    56 |   165 |    93 ||   314
Dodge: Dodged            |    33 |    55 |    94 |    74 ||   256
Block: Buckler           |    29 |       |       |       ||    29
       Kite shield       |    63 |   147 |   264 |   196 ||   670

Table legend: (Time is in decaauts)
 A = Elapsed time spent in this place.
 B = Non-inter-level travel time spent in this place.
 C = Inter-level travel time spent in this place.
 D = Time resting spent in this place.
 E = Time spent auto-exploring this place.
 F = Levels seen in this place.
 G = Mean time per level.
                   A        B        C        D        E       F      G
               +--------+--------+--------+--------+--------+-----+--------+
         Total |  11409 |  11163 |    246 |   1157 |   5865 |  13 |  877.6 |
       Dungeon |  10280 |  10034 |    246 |   1143 |   5392 |  10 | 1028.0 |
        Temple |     70 |     70 |      0 |      0 |      0 |   1 |   70.0 |
          Lair |      1 |      1 |      0 |      0 |      0 |   1 |    1.0 |
         Sewer |   1057 |   1057 |      0 |     14 |    472 |   1 | 1057.0 |
               +--------+--------+--------+--------+--------+-----+--------+

Top non-repeatable levels by time:
     D:3: 1848 daAuts
     D:8: 1662 daAuts
     D:7: 1222 daAuts
     D:6: 1179 daAuts
   Sewer: 1057 daAuts
     D:1: 930 daAuts
     D:5: 877 daAuts
     D:4: 844 daAuts
     D:2: 844 daAuts
     D:9: 796 daAuts
    D:10: 74 daAuts
  Temple: 70 daAuts
  Lair:1: 1 daAuts
